 Dungeon Crawl Stone Soup version 0.30-a0-465-g8901f6c8b5 (webtiles) character file.

Game seed: 14379987754385668089

154 Mitcholas the Chopper (level 5, -2/47 HPs)
             Began as a Hill Orc Monk on Dec 18, 2022.
             Was a Believer of Beogh.
             Slain by an iguana (6 damage)
             ... on level 4 of the Dungeon.
             The game lasted 00:05:10 (2082 turns).

Mitcholas the Chopper (Hill Orc Monk)               Turns: 2082, Time: 00:05:11

Health: -2/47      AC:  9    Str: 16    XL:     5   Next: 35%
Magic:  5/5        EV:  7    Int: 10    God:    Beogh [**....]
Gold:   134        SH:  0    Dex: 13    Spells: 4/4 levels left

rFire   . . .      SeeInvis .    r - +0 hand axe (vamp)
rCold   . . .      Faith    .    (no shield)
rNeg    . . .      Spirit   .    m - +0 chain mail
rPois   .          Reflect  .    (no helmet)
rElec   .          Harm     .    (no cloak)
rCorr   .          Rampage  .    o - +0 pair of gloves
Will    .....                    (no boots)
Stlth   ..........               (no amulet)
HPRegen 0.27/turn                (no ring)
MPRegen 0.09/turn                (no ring)

@: no status effects
A: no striking features
a: Renounce Religion, Smiting


You were on level 4 of the Dungeon.
You worshipped Beogh.
Beogh was pleased with you.
You visited 1 branch of the dungeon, and saw 4 of its levels.

You collected 134 gold pieces.

Inventory:

Hand Weapons
 r - a +0 vampiric hand axe (weapon)
Missiles
 i - 4 poisoned darts (quivered)
 s - 4 atropa-tipped darts
Armour
 m - a +0 chain mail (worn)
 o - a +0 pair of gloves (worn)
Jewellery
 j - a ring of ice
 t - an amulet of regeneration
Scrolls
 a - a scroll of fog {unknown}
 b - a scroll of magic mapping {unknown}
 e - a scroll of acquirement {unknown}
 f - 2 scrolls of noise {unknown}
 k - a scroll of teleportation {unknown}
 p - 2 scrolls of blinking {unknown}
 q - 2 scrolls of amnesia {unknown}
Potions
 c - a potion of ambrosia
 d - 3 potions of brilliance {unknown}
 g - a potion of curing {unknown}
 h - 2 potions of invisibility {unknown}
 l - 2 potions of lignification {unknown}
 n - a potion of flight {unknown}


   Skills:
 + Level 4.7 Fighting
 * Level 6.2 Axes
 + Level 2.4 Armour
 - Level 2.4 Dodging
 - Level 1.5 Stealth


You had 4 spell levels left.
You didn't know any spells.
Your spell library contained the following spells:

 Spells                   Type           Power      Damage    Failure   Level
 Cigotuvi's Dreadful Rot  Necr/Pois/Air  0%         N/A       100%        2
 Poisonous Vapours        Pois/Air       0%         N/A       100%        2
 Static Discharge         Conj/Air       0%         2-2/arc   100%        2
 Mephitic Cloud           Conj/Pois/Air  0%         N/A       100%        3
 Vhi's Electric Charge    Tloc/Air       0%         N/A       100%        3
 Arcjolt                  Conj/Air       0%         1d10      100%        5
 Lightning Bolt           Conj/Air       0%         1d11      100%        5


Dungeon Overview and Level Annotations

Branches:
Dungeon (4/15)
 Temple: D:4-7

Altars:

Annotations:
D:2 1 runed translucent door, Crazy Yiuf
D:3 Grinder


Message History

The iguana is heavily wounded.
The iguana bites you!
* * * LOW HITPOINT WARNING * * *
You hit the iguana but do no damage.
The iguana is heavily wounded.
The iguana bites you.
* * * LOW HITPOINT WARNING * * *
You barely miss the iguana.
The iguana is heavily wounded.
The iguana barely misses you.
You barely miss the iguana.
The iguana is heavily wounded.
The iguana bites you but does no damage.
You closely miss the iguana.
The iguana is heavily wounded.
The iguana closely misses you.
You barely miss the iguana.
The iguana is heavily wounded.
The iguana bites you.
* * * LOW HITPOINT WARNING * * *
You hit the iguana but do no damage.
The iguana is heavily wounded.
The iguana bites you but does no damage.
You closely miss the iguana.
The iguana is heavily wounded.
The iguana bites you.
* * * LOW HITPOINT WARNING * * *
You closely miss the iguana.
The iguana is heavily wounded.
The iguana closely misses you.
You hit the iguana but do no damage.
The iguana is heavily wounded.
The iguana bites you but does no damage.
You closely miss the iguana.
The iguana is heavily wounded.
The iguana bites you but does no damage.
You completely miss the iguana.
The iguana is heavily wounded.
The iguana bites you.
You die...

#####.#
##.#.####...........#####
.... #.#.#
#.#.............. .. ..
#...######.##.####.#.###
.#........##<# #.#.#
#.#.######.#### #.#.#
#.########.#######.#.#
...................#.#
...........#######.#.# #
.######@##.# #.#.# #l##.#
#.#.# .g.... #.# ...(....
#.# .......... #.#
##........## .#
#........# ..........


You could see an iguana and a goblin.

Vanquished Creatures
  A howler monkey (D:4)
  An orc wizard (D:3)
  4 adders (D:2)
  A worm (D:3)
  A dart slug (D:1)
  4 orcs (D:3)
  7 ball pythons
  2 bats
  2 endoplasms (D:2)
  2 giant cockroaches
  5 goblins
  5 hobgoblins
  2 jackals (D:4)
  2 quokkas (D:2)
  2 kobolds
  4 rats
45 creatures vanquished.

Vanquished Creatures (others)
  An orc (D:2)
  An endoplasm (D:2)
2 creatures vanquished.

Grand Total: 47 creatures vanquished

Notes
Turn   | Place    | Note
-------+----------+-------------------------------------------
     0 | D:1      | Mitcholas the Hill Orc Monk began the quest for the Orb.
     0 | D:1      | Reached XP level 1. HP: 19/19 MP: 1/1
   291 | D:1      | Reached XP level 2. HP: 27/27 MP: 2/2
   535 | D:2      | Found a runed translucent door.
   536 | D:2      | Noticed Crazy Yiuf
   602 | D:2      | Reached skill level 1 in Armour
   775 | D:2      | Reached XP level 3. HP: 33/33 MP: 3/3
   916 | D:2      | Reached skill level 5 in Axes
  1157 | D:2      | Became a worshipper of Beogh the Brigand
  1157 | D:2      | Reached * piety under Beogh
  1157 | D:2      | Reached ** piety under Beogh
  1211 | D:2      | Reached XP level 4. HP: 36/40 MP: 4/4
  1757 | D:3      | Noticed Grinder
  1780 | D:3      | Paralysed by Grinder for 4 turns
  1864 | D:4      | Reached skill level 6 in Axes
  1864 | D:4      | Reached XP level 5. HP: 40/47 MP: 5/5
  2082 | D:4      | Slain by an iguana

Illustrated notes

Levels and vault maps discovered:
D:1:      lemuel_arrival_room, layout_rooms, minmay_misc_feat_square
D:2:      layout_loops_ring, roderic_lattice_a, uniq_crazy_yiuf_cottage
D:3:      layout_loops_cross, lemuel_crystal_altar, gammafunk_ghost_necromancy,
          uniq_grinder, uniq_sigmund
D:4:      minmay_evil_eye, layout_basic

Skill      XL: |  1  2  3  4 |
---------------+-------------+-----
Armour         | 1 2 |  2.4
Fighting       | 4 |  4.7
Axes           | 5 6 |  6.2
Dodging        | |  2.4
Stealth        | |  1.5

Action                   |  1- 3 |  4- 6 || total
-------------------------+-------+-------++-------
Melee: Hand axe          |   108 |   135 ||   243
       Punch             |     2 |     3 ||     5
Invok: Convert to Beogh  |     1 |       ||     1
Armor: Robe              |     3 |       ||     3
       Ring mail         |    10 |       ||    10
       Chain mail        |    28 |    72 ||   100
Dodge: Dodged            |    54 |    37 ||    91

Table legend: (Time is in decaauts)
 A = Elapsed time spent in this place.
 B = Non-inter-level travel time spent in this place.
 C = Inter-level travel time spent in this place.
 D = Time resting spent in this place.
 E = Time spent auto-exploring this place.
 F = Levels seen in this place.
 G = Mean time per level.
                   A        B        C        D        E       F      G
               +--------+--------+--------+--------+--------+-----+--------+
         Total |   2089 |   2038 |     51 |    157 |   1223 |   4 |  522.2 |
       Dungeon |   2089 |   2038 |     51 |    157 |   1223 |   4 |  522.2 |
               +--------+--------+--------+--------+--------+-----+--------+

Top non-repeatable levels by time:
     D:2: 996 daAuts
     D:1: 521 daAuts
     D:3: 291 daAuts
     D:4: 279 daAuts
